 Dungeon Crawl Stone Soup version 0.24-a0-170-gd8427f5 (webtiles) character file.

Game seed: 4904450169509576692

37 galech the Skirmisher (level 3, 23/29 HPs)
             Began as a Demonspawn Fighter on Mar 8, 2019.
             Quit the game on level 2 of the Dungeon.
             The game lasted 00:00:47 (992 turns).

galech the Skirmisher (Demonspawn Fighter)           Turns: 992, Time: 00:00:48

Health: 23/29      AC:  6    Str: 16    XL:     3   Next: 23%
Magic:  3/3        EV:  7    Int:  9    God:
Gold:   37         SH:  9    Dex: 13    Spells: 2/2 levels left

rFire    . . .     SeeInvis .   a - +0 war axe
rCold    . . .     Gourm    .   c - +0 shield
rNeg     . . .     Faith    .   b - +0 scale mail
rPois    .         Spirit   .   (helmet restricted)
rElec    .         Reflect  .   (no cloak)
rCorr    .         Harm     .   (no gloves)
MR       .....                  (no boots)
Stlth    ..........             (no amulet)
HPRegen  0.09/turn              (no ring)
MPRegen  0.08/turn              (no ring)

@: no status effects
A: antennae 1, demonic guardian 1
a: no special abilities


You were on level 2 of the Dungeon.
You were not hungry.

You visited 1 branch of the dungeon, and saw 2 of its levels.

You collected 37 gold pieces.

Inventory:

Hand Weapons
 a - a +0 war axe (weapon)
Armour
 b - a +0 scale mail (worn)
 c - a +0 shield (worn)
Jewellery
 h - an uncursed ring of magical power {unknown}
Scrolls
 e - a scroll of random uselessness {unknown}
 g - a scroll of fear {unknown}
 i - 3 scrolls of blinking {unknown}
 l - 2 scrolls of identify {unknown}
 m - 3 scrolls of immolation {unknown}
Potions
 d - a potion of might
 j - a potion of invisibility {unknown}
Comestibles
 f - a ration
 k - 4 chunks of flesh


   Skills:
 + Level 3.2 Fighting
 + Level 2.3 Axes
 + Level 3.1 Armour
 + Level 0.2 Dodging
 + Level 2.9 Shields


You had 2 spell levels left.
You didn't know any spells.
Your spell library was empty.

Dungeon Overview and Level Annotations

Branches:
Dungeon (2/15)

Altars:


Innate Abilities, Weirdness & Mutations

You have a pair of small antennae on your head.
A weak demonic guardian rushes to your aid.


Message History

The adder is heavily wounded.
The adder bites you but does no damage. You block the adder's attack.
Your shield and scale mail prevent you from hitting the adder.
The adder is heavily wounded.
The adder bites you. You block the adder's attack.
You miss the adder.
The adder is heavily wounded.
You block the adder's attack. The adder closely misses you.
You slash the adder!
You kill the adder!
You have reached level 3!
Your experience leads to an increase in your attributes!
Increase (S)trength, (I)ntelligence, or (D)exterity?
You feel agile.
Your demonic ancestry asserts itself...
You feel the presence of a demonic guardian.
You see here an adder corpse.
You butcher the adder corpse.
k - 4 chunks of flesh (gained 2)
You see here an adder skeleton.
Are you sure you want to abandon this character and quit the game? (Confirm with "yes".)

# .##########.#
.........@..#
######.##### #.#
...#####.#
.........#
.#.#####.########
#.........
#.######## #.#


There were no monsters in sight!

Vanquished Creatures
  An adder (D:2)
  An ooze (D:1)
  A dart slug (D:1)
  2 leopard geckos (D:1)
  A giant cockroach (D:1)
  4 hobgoblins (D:1)
  2 kobolds (D:1)
  2 ball pythons (D:1)
  A bat (D:1)
  3 frilled lizards (D:1)
  2 rats (D:1)
20 creatures vanquished.

Notes
Turn   | Place    | Note
-------+----------+-------------------------------------------
     0 | D:1      | galech the Demonspawn Fighter began the quest for the Orb.
     0 | D:1      | Reached XP level 1. HP: 18/18 MP: 1/1
   247 | D:1      | Gained mutation: You have a pair of small antennae on your
                  | head. [demonic ancestry]
   247 | D:1      | Reached XP level 2. HP: 10/24 MP: 2/2
   988 | D:2      | Gained mutation: A weak demonic guardian rushes to your
                  | aid. [demonic ancestry]
   988 | D:2      | Reached XP level 3. HP: 23/29 MP: 3/3
   992 | D:2      | Quit the game

Levels and vault maps discovered:
D:1:      scummos_arrival_gate, layout_loops_corners, minmay_misc_feat_square
D:2:      layout_loops_ring, uniq_jessica, uniq_robin, uniq_terence

Skill      XL: |  1  2 |
---------------+-------+-----
Axes           | 2 |  2.3
Armour         | 3 |  3.1
Fighting       | |  3.2
Dodging        | |  0.2
Shields        | |  2.9

Action                   || total
-------------------------++-------
Melee: War axe           ||    80
Armor: Scale mail        ||    38
Dodge: Dodged            ||    35
Block: Shield            ||    53

Table legend:
 A = Non-vault XP
 B = Vault XP
 C = Vault XP percentage of total XP
 D = Non-vault monster count
 E = Vault monster count
 F = Vault count percentage of total count
                 A         B        C        D         E       F
            +---------+---------+-------+---------+---------+-------
      Total |      54 |       0 |   0.0 |      20 |       0 |   0.0
            +---------+---------+-------+---------+---------+-------
        D:1 |      40 |       0 |   0.0 |      19 |       0 |   0.0
        D:2 |      14 |       0 |   0.0 |       1 |       0 |   0.0
            +---------+---------+-------+---------+---------+-------
